 Dungeon Crawl Stone Soup version 0.29.1-13-g9f3cf754e1 (webtiles) character file.

Game seed: 2391067978197639326

1688 Gabide the Conjurer (level 8, -5/67 HPs)
             Began as a Demigod Conjurer on Feb 7, 2023.
             Slain by an orc warrior
             ... wielding a +0 halberd
              (13 damage)
             ... on level 6 of the Dungeon.
             The game lasted 00:10:56 (7688 turns).

Gabide the Conjurer (Demigod Conjurer)              Turns: 7688, Time: 00:10:56

Health: -5/67      AC:  3    Str:  8    XL:     8   Next: 43%
Magic:  10/18      EV: 13    Int: 28    God:
Gold:   328        SH:  0    Dex: 12    Spells: 4/15 levels left

rFire   . . .      SeeInvis .   e - +1 dagger (venom)
rCold   . . .      Faith    .   (no shield)
rNeg    . . .      Spirit   .   a - +0 robe
rPois   .          Reflect  .   (no helmet)
rElec   .          Harm     .   (no cloak)
rCorr   .          Rampage  .   m - +0 pair of gloves
Will    .....                   (no boots)
Stlth   ++........              (no amulet)
HPRegen 0.21/turn               (no ring)
MPRegen 0.16/turn               (no ring)

@: no status effects
A: high MP 1, forlorn, divine attributes
a: no special abilities


You were on level 6 of the Dungeon.
You visited 1 branch of the dungeon, and saw 6 of its levels.
You also visited: Sewer.

You collected 348 gold pieces.
You spent 20 gold pieces at shops.

Inventory:

Hand Weapons
 e - a +1 dagger of venom (weapon)
Armour
 a - a +0 robe (worn)
 m - a +0 pair of gloves (worn)
Wands
 o - a wand of flame (16)
Scrolls
 f - 3 scrolls of blinking
 h - 2 scrolls of teleportation
 j - a scroll of acquirement {unknown}
 n - a scroll of brand weapon {unknown}
 t - a scroll of butterflies {unknown}
 v - a scroll of fear {unknown}
 w - a scroll of silence {unknown}
Potions
 b - 3 potions of magic
 c - 3 potions of attraction
 d - 2 potions of haste
 g - 4 potions of degeneration
 i - 3 potions of curing
 k - 2 potions of invisibility {unknown}
 l - 2 potions of ambrosia
 p - a potion of heal wounds {unknown}
 q - a potion of flight {unknown}
 r - a potion of resistance {unknown}
 s - 2 potions of might {unknown}
 u - a potion of brilliance {unknown}


   Skills:
 + Level 4.3 Fighting
 + Level 4.8 Dodging
 - Level 1.7 Stealth
 + Level 4.3 Unarmed Combat
 + Level 4.4 Spellcasting
 + Level 5.8 Conjurations


You had 4 spell levels left.
You knew the following spells:

 Your Spells              Type           Power      Damage    Failure   Level
a - Magic Dart            Conj           100%       1d8       1%          1
b - Searing Ray           Conj           76%        2d7       1%          2
c - Dazzling Flash        Conj/Hex       44%        N/A       6%          3
d - Iskenderun's Battles  Conj           38%        2d9       19%         5

Your spell library contained the following spells:

 Spells                   Type           Power      Damage    Failure   Level
 Shock                    Conj/Air       88%        1d8       2%          1
 Ensorcelled Hibernation  Hex/Ice        12%        N/A       11%         2
 Passwall                 Tmut/Erth      5%         N/A       11%         2
 Swiftness                Air            6%         N/A       22%         3
 Fulminant Prism          Conj/Hex       11%        3d9       22%         4
 Iskenderun's Mystic Bla  Conj/Tloc      22%        2d6       22%         4
 Airstrike                Air            3%         2d(1-17)  56%         4
 Fireball                 Conj/Fire      11%        3d7       52%         5
 Conjure Ball Lightning   Conj/Air       11%        3x3d6     97%         6
 Orb of Destruction       Conj           19%        9d8       99%         7


Dungeon Overview and Level Annotations

Branches:
Dungeon (6/15)             Temple (0/1) D:5           Sewer (visited)

Shops:
D:4 *


Innate Abilities, Weirdness & Mutations

You have an increased reservoir of magic. (+10% MP)
You shall have no god before yourself.
Your divine heritage dramatically boosts your attributes as you level up.


Message History

Aim: an orc warrior, wielding a +0 halberd and wearing a +0 chain mail (lightly wounded, 64% to hit)
The puff of flame hits the orc warrior but does no damage.
The orc warrior is lightly wounded.
Unknown command.
Aiming: Throw Flame
Press: ? - help, Shift-Dir - straight line, f/p - orc warrior
Aim: an orc warrior, wielding a +0 halberd and wearing a +0 chain mail (lightly wounded, 64% to hit)
The puff of flame hits the orc warrior.
The orc warrior is lightly wounded.
Unknown command.
The searing ray hits the orc warrior.
The orc warrior is moderately wounded. (Press . to maintain the ray.)
The searing ray hits the orc warrior.
The orc warrior is heavily wounded.
The searing ray hits the orc warrior but does no damage.
The orc warrior is heavily wounded.
The orc warrior hits you but does no damage.
The searing ray hits the orc warrior.
The orc warrior is heavily wounded.
You finish channelling your searing ray.
The orc warrior hits you from afar with a +0 halberd!!
The searing ray hits the orc warrior.
The orc warrior is severely wounded. (Press . to maintain the ray.)
The orc warrior hits you from afar with a +0 halberd!
You are too injured to fight recklessly!
The searing ray misses the orc warrior.
The orc warrior closely misses you.
The searing ray hits the orc warrior.
The orc warrior is severely wounded.
The orc warrior hits you from afar with a +0 halberd!
* * * LOW HITPOINT WARNING * * *
The searing ray misses the orc warrior.
You finish channelling your searing ray.
The orc warrior misses you.
The orc warrior hits you from afar with a +0 halberd!
* * * LOW HITPOINT WARNING * * *
There is a stone staircase leading up here.
The orc warrior hits you from afar with a +0 halberd!
You die...

.#.......# #.... .#.......#
#.... .#######.# #....
#.########### #....
#.#.......... ####....
##...#############.......
#...............##.##...#
...##......########.##.##.#.#
............@.............#..
...............###..........#
#..##......##o..............#
#....#####.o.#####......#....
#.##. ###.# ........##### #.
#.# #.......<..
#...............
#............#.. #.###


You could see an orc warrior.

Vanquished Creatures
  Eustachio (D:3)
  A sky beast (D:6)
  4 ogres
  A centaur (D:6)
  A phantom (D:6)
  4 scorpions
  3 vampire bats (D:5)
  3 hounds
  An orc priest (D:6)
  A gnoll bouda (D:6)
  Natasha (thrice) (D:3)
  An iguana (D:5)
  A hell rat (Sewer)
  An orc wizard (D:4)
  6 adders
  11 gnolls
  A river rat (Sewer)
  3 ufetubi (D:4)
  3 worms
  2 dart slugs
  17 orcs
  A bat skeleton (D:5)
  5 bat zombies (D:5)
  9 endoplasms
  4 giant cockroaches
  6 goblins
  6 hobgoblins
  10 jackals
  6 kobolds
  4 quokkas
  7 ball pythons
  4 bats
  2 frilled lizards (D:1)
  12 rats
145 creatures vanquished.

Vanquished Creatures (others)
  2 plants (D:3)
2 creatures vanquished.

Grand Total: 147 creatures vanquished

Notes
Turn   | Place    | Note
-------+----------+-------------------------------------------
     0 | D:1      | Gabide the Demigod Conjurer began the quest for the Orb.
     0 | D:1      | Reached XP level 1. HP: 14/14 MP: 5/5
   447 | D:1      | Reached XP level 2. HP: 22/22 MP: 1/7
  1049 | D:1      | Learned a level 2 spell: Searing Ray
  1095 | D:2      | Reached skill level 1 in Fighting
  1095 | D:2      | Reached XP level 3. HP: 28/28 MP: 4/8
  1157 | D:2      | Reached skill level 1 in Unarmed Combat
  1683 | D:2      | Reached skill level 4 in Conjurations
  1943 | D:2      | Identified the +7 chain mail of Kestodof {-Cast rPois Will+
                  | Str+6}
  1999 | D:2      | Reached XP level 4. HP: 35/35 MP: 5/10
  2972 | D:3      | Reached XP level 5. HP: 41/41 MP: 7/11
  3056 | D:3      | Noticed Natasha
  3065 | D:3      | Killed Natasha
  3079 | D:3      | Noticed Natasha
  3085 | D:3      | Killed Natasha
  3217 | D:3      | Identified the +7 whip of Zin's Righteous Anger {vorpal,
                  | rC+ Int-2 Dex+4 SInv}
  3712 | D:3      | Noticed Natasha
  3718 | D:3      | Killed Natasha
  3994 | D:4      | Found a glowing drain.
  4055 | Sewer    | Entered a sewer
  4062 | Sewer    | Reached XP level 6. HP: 48/48 MP: 6/13
  4440 | D:4      | Noticed Eustachio
  4688 | D:3      | Killed Eustachio
  4985 | D:4      | Found Raxitz's Elemental Accessories.
  4997 | D:4      | Bought a scroll of identify for 20 gold pieces
  5036 | D:4      | Reached XP level 7. HP: 31/56 MP: 5/15
  5175 | D:4      | Learned a level 3 spell: Dazzling Flash
  5389 | D:4      | Noticed an angel
  5486 | D:5      | Entered Level 5 of the Dungeon
  5493 | D:5      | Reached skill level 5 in Conjurations
  5545 | D:5      | Found a staircase to the Ecumenical Temple.
  6209 | D:5      | Reached XP level 8. HP: 66/66 MP: 12/17
  7322 | D:6      | Learned a level 5 spell: Iskenderun's Battlesphere
  7688 | D:6      | Slain by an orc warrior

Illustrated notes

Levels and vault maps discovered:
D:1:      shiori_arrival_elements, layout_basic,
          chequers_ecumenical_altar_twisty, grunt_decor_junction,
          minmay_tromino_v4_c
D:2:      layout_basic
D:3:      layout_loops_cross, mainiacjoe_overflow_surrounded_room,
          nicolae_hepliaklqana_hazy_memory, minmay_mini_jars, uniq_natasha
D:4:      layout_basic, vehumet_crystals, zin_angel, portal_sewer_entry_e,
          serial_park_tiny_pond, kennysheep_nondescript, nicolae_elemental_shop,
          uniq_eustachio
D:5:      layout_loops_ring, kennysheep_vampire_church,
          minmay_temple_entry_sparse_star
D:6:      layout_rooms, serial_co_window_serial, co_window_paths_a,
          co_window_corner_a, co_window_paths_b, co_window_paths_b,
          co_window_paths_b, co_window_unsneaky_path_b, co_window_corner_b,
          co_window_paths_c, glass_columns_b, glass_columns_a, glass_columns_b

Skill      XL: |  1  2  3  4  5  6  7  8 |
---------------+-------------------------+-----
Dodging        | 2 3 4 |  4.8
Spellcasting   | 2 3 4 |  4.4
Fighting       | 1 2 3 4 |  4.3
Unarmed Combat | 1 2 3 4 |  4.3
Conjurations   | 4 5 |  5.8
Stealth        | |  1.7

Action                   |  1- 3 |  4- 6 |  7- 9 || total
-------------------------+-------+-------+-------++-------
Melee: Dagger            |     6 |     7 |     5 ||    18
       Punch             |       |     1 |       ||     1
 Cast: Magic Dart        |    45 |     9 |       ||    54
       Searing Ray       |    17 |    59 |    42 ||   118
       Dazzling Flash    |       |       |     2 ||     2
Evoke: Wand              |       |       |     3 ||     3
  Use: Scroll            |       |     6 |     2 ||     8
Armor: Robe              |     2 |    15 |    16 ||    33
Dodge: Dodged            |     9 |    71 |    54 ||   134
